 Dungeon Sprint DCSS version 0.29-a0-653-gd47aff6735 (webtiles) character file.

Game seed: 6757068289064308926

95 purpskrrrp the Ducker (level 4, -2/38 HPs)
             Began as a Naga Wanderer on June 22, 2022.
             Killed from afar by an oklob sapling (19 damage)
             ... with a splash of acid
             ... in the Dungeon (Sprint IV: "Fedhas' Mad Dash").
             The game lasted 00:02:37 (314 turns).

purpskrrrp the Ducker (Naga Wanderer)                Turns: 314, Time: 00:02:37

Health: -2/38      AC:  3    Str: 15    XL:     4   Next: 66%
Magic:  4/4        EV: 12    Int: 11    God:
Gold:   53         SH:  0    Dex: 13    Spells: 3/3 levels left

rFire   . . .      SeeInvis +   a - +2 short sword
rCold   . . .      Faith    .   (no shield)
rNeg    . . .      Spirit   .   e - +0 leather armour
rPois   +          Reflect  .   (no helmet)
rElec   .          Harm     .   (no cloak)
rCorr   .          Rampage  .   c - +0 pair of gloves
Will    .....      NoTele   +   (no barding)
Stlth   +.........              j - amulet of invisibility {+Inv}
HPRegen 0.12/turn               (no ring)
MPRegen 0.09/turn               (no ring)

@: very slow
A: AC +1, large, see invisible, deformed body, poison resistance, slowness 2,
spit poison 1, naga tail 1
a: Spit Poison, Evoke Invisibility


You were in the Dungeon.
You visited 1 branch You collected 53 gold pieces.

Inventory:

Hand Weapons
 a - a +2 short sword (weapon)
 b - a +0 shortbow
Armour
 c - a +0 pair of gloves (worn)
 e - a +0 leather armour (worn)
Jewellery
 j - the amulet of invisibility (around neck) {+Inv}
   (You found it in the Dungeon)

   [amulet of nothing]

   +Inv:      It lets you turn invisible.
Scrolls
 k - a scroll of blinking
Potions
 d - a potion of brilliance
 f - a potion of curing
 g - a potion of heal wounds
 h - a potion of haste
 i - 2 potions of magic
 m - a potion of degeneration


   Skills:
 + Level 1.3 Fighting
 + Level 5.4 Short Blades
 + Level 2.5 Bows
 + Level 0.8 Armour
 + Level 6.7 Dodging


You had 3 spell levels left.
You didn't know any spells.
Your spell library was empty.

Dungeon Overview and Level Annotations

Branches:
Dungeon (1/1)

Altars:

Annotations:
D exclusion: oklob sapling


Innate Abilities, Weirdness & Mutations

Your serpentine skin is tough. (AC +1)
You have supernaturally acute eyesight. (SInv)
Armour fits poorly on your strangely shaped body.
Your system is resistant to poisons. (rPois)
You cover ground very slowly.
You can spit poison.
You have a snake-like lower body.


Message History

You have reached level 4!
You feel clever.
You now have 6 gold pieces.
You feel a strong urge to attack something.
You now have 16 gold pieces (gained 10).
You now have 28 gold pieces (gained 12).
You are no longer berserk.
You are exhausted.
You feel yourself slow down.
You now have 44 gold pieces (gained 16).
You now have 53 gold pieces (gained 9).
j - the amulet of invisibility {+Inv}
m - a murky blue potion You start resting.
You feel yourself speed up.
You start resting.
You recover from your berserk rage.
You start resting.
HP restored.
You start putting on your amulet.
You continue putting on the amulet of invisibility {+Inv}. x5
You finish putting on the amulet of invisibility {+Inv}.
j - the amulet of invisibility (around neck) {+Inv}
As you read the scroll labelled YPTIRIT XANU, it crumbles to dust.
It is a scroll of identify.
m - a potion of degeneration You open the door.
An oklob sapling comes into view.
The oklob sapling spits acid at you. The splash of acid hits you!!
Ouch! That really hurt!
Marking area around an oklob sapling as unsafe for travelling.
Found 25 gold pieces.
There is an open door here.
You hit the oklob sapling.
The oklob sapling is lightly damaged.
The oklob sapling spits acid at you. The splash of acid hits you!!
Ouch! That really hurt!
You die...

##################
#<..P#.....#.....#
#PP..†.....'.#...+
#PPPP#.....#.#...#
###############'##
+.@.# #$P$# #####


You could see an oklob sapling.

Vanquished Creatures
  A scorpion (D)
  An oklob sapling (D)
  A river rat (D)
  A rat (D)
4 creatures vanquished.

Notes
Turn   | Place    | Note
-------+----------+-------------------------------------------
     0 | D        | purpskrrrp the Naga Wanderer began the quest for the Orb.
     0 | D        | purpskrrrp set off with the following items: a +2 short
                  | sword, a +0 shortbow, a +0 pair of gloves, a potion of
                  | brilliance, a +0 leather armour, a potion of curing, a
                  | potion of heal wounds, a potion of haste, 2 potions of
                  | magic, a potion of berserk rage, a scroll of blinking.
     0 | D        | Reached XP level 1. HP: 18/18 MP: 1/1
     9 | D        | Reached skill level 4 in Dodging
     9 | D        | Reached XP level 2. HP: 24/25 MP: 2/2
   118 | D        | Noticed an oklob sapling
   127 | D        | Killed an oklob sapling
   128 | D        | Reached skill level 5 in Dodging
   128 | D        | Reached XP level 3. HP: 31/31 MP: 3/3
   129 | D        | Noticed a scorpion
   129 | D        | Found the amulet of invisibility {+Inv}
   139 | D        | Killed a scorpion
   140 | D        | Reached skill level 5 in Short Blades
   140 | D        | Reached skill level 6 in Dodging
   140 | D        | Reached XP level 4. HP: 24/38 MP: 4/4
   314 | D        | Killed from afar by an oklob sapling

Illustrated notes

Levels and vault maps discovered:
D:        dungeon_sprint_fedhas [sprint_temple]

Skill      XL: |  1  2  3 |
---------------+----------+-----
Bows           | 2 |  2.5
Dodging        | 4 5 6 |  6.7
Short Blades   | 4 5 |  5.4
Fighting       | |  1.3
Armour         | |  0.8

Action                   |  1- 3 |  4- 6 || total
-------------------------+-------+-------++-------
Melee: Short sword       |    21 |     1 ||    22
 Abil: Spit Poison       |     1 |       ||     1
  Use: Potion            |     1 |       ||     1
       Scroll            |       |     1 ||     1
Armor: Leather armour    |     2 |       ||     2
Dodge: Dodged            |     5 |       ||     5

Table legend: (Time is in decaauts)
 A = Elapsed time spent in this place.
 B = Non-inter-level travel time spent in this place.
 C = Inter-level travel time spent in this place.
 D = Time resting spent in this place.
 E = Time spent auto-exploring this place.
 F = Levels seen in this place.
 G = Mean time per level.
                   A        B        C        D        E       F      G
               +--------+--------+--------+--------+--------+-----+--------+
         Total |    334 |    308 |     26 |    254 |      0 |   1 |  334.0 |
       Dungeon |    334 |    308 |     26 |    254 |      0 |   1 |  334.0 |
               +--------+--------+--------+--------+--------+-----+--------+

Top non-repeatable levels by time:
       D: 334 daAuts
